 Dungeon Crawl Stone Soup version 0.17-a0-1798-g879a7aa (webtiles) character file.

620 ololoev the Magician (level 7, 21/55 HPs)
             Began as a Purple Draconian Skald on Sept 10, 2015.
             Was a Follower of Vehumet.
             Quit the game on level 5 of the Dungeon.
             The game lasted 00:19:16 (6259 turns).

ololoev the Magician (Purple Draconian Skald)       Turns: 6259, Time: 00:19:16

Health: 21/55      AC:  6    Str: 14    XL:     7   Next: 22%
Magic:  16/17      EV: 12    Int: 14    God:    Vehumet [*.....]
Gold:   218        SH:  0    Dex: 11    Spells: 3 memorised, 16 levels left

rFire  . . .     SeeInvis .     a - +3 short sword (speed)
rCold  . . .     Clarity  .     (armour unavailable)
rNeg   . . .     SustAt   .     (no shield)
rPois  .         Gourm    .     (helmet restricted)
rElec  .         Spirit   .     (no cloak)
rCorr  .         Warding  .     (no gloves)
rMut   .         Stasis   .     (no boots)
MR     +....                    (no amulet)
Stlth  +.........               (no ring)
                                (no ring)

@: infused, somewhat resistant to hostile enchantments, very unstealthy
A: breathe power, unfitting armour, cold-blooded, AC +6
a: Breathe Dispelling Energy, Renounce Religion


Innate Abilities, Weirdness & Mutations

You can breathe bolts of dispelling energy.
Your rich purple scales are hard (AC +6).
Your body does not fit into most forms of armour.
You are cold-blooded and may be slowed by cold attacks.

Inventory:

Hand weapons
 a - a +3 short sword of speed (weapon)
 b - a +0 blowgun
 C - a +0 dagger of venom
Missiles
 s - 34 poisoned needles
 A - a curare-tipped needle
Jewellery
 t - an uncursed amulet of clarity {unknown}
Magical devices
 o - a wand of polymorph (8)
 q - a wand of random effects (5)
Scrolls
 d - a scroll of amnesia
 e - a scroll of immolation
 f - 3 scrolls of remove curse
 n - a scroll of enchant weapon
 B - a scroll of teleportation
Potions
 c - 2 potions of brilliance {unknown}
 g - 5 potions of curing
 i - a potion of berserk rage {unknown}
 m - a potion of mutation {unknown}
 w - a potion of magic
 x - a potion of haste {unknown}
 z - a potion of flight {unknown}
 E - 2 potions of heal wounds {unknown}
Books
 r - a book of Battle

   Spells                             Type                      Level
   a - Infusion                       Charms                       1
   b - Shroud of Golubria             Charms/Translocation         2
   c - Song of Slaying                Charms                       2
   d - Spectral Weapon                Hexes/Charms                 3
   e - Regeneration                   Charms/Necromancy            3
Comestibles
 h - 2 slices of pizza
 j - 4 chunks of flesh
 k - 3 bread rations
 u - 2 fruits
 F - 2 meat rations


   Skills:
 - Level 2.1 Fighting
   Level 3.0 Polearms
 - Level 1.3 Dodging
 + Level 7.1 Spellcasting
 * Level 2.7 Conjurations
 - Level 3.2 Charms
 * Level 2.6 Fire Magic


You had 16 spell levels left.
You knew the following spells:

 Your Spells              Type           Power        Failure   Level  Hunger
a - Infusion              Chrm           ##....       3%          1    None
b - Song of Slaying       Chrm           ##......     6%          2    None
c - Flame Tongue          Conj/Fire      ##...        6%          1    None


You were on level 5 of the Dungeon.
You worshipped Vehumet.
Vehumet was aware of your devotion.
You were not hungry.

You visited 2 branches of the dungeon, and saw 6 of its levels.
You also visited: Sewer.

You collected 218 gold pieces.

###≈≈≈≈###≈.# #..#.....
≈≈≈≈≈≈≈≈≈..# #.##...#
≈≈≈≈≈≈≈≈..# #.##...#
#≈≈≈≈###≈.## ###......#
#≈≈#...#..###.)..#.#.## #
#..#.⌠.#......##...#...
#...#..#((.#)####.#####....
#...(###(.# #........##
.(.......)@..# #######..#
..(..######### #..## ####
##... #... #... #.## #?#
#.# #..

Notes
Turn   | Place    | Note
--------------------------------------------------------------
     0 | D:1      | ololoev the Draconian Skald began the quest for the Orb.
     0 | D:1      | Reached XP level 1. HP: 17/17 MP: 3/3
   322 | D:1      | Reached XP level 2. HP: 24/24 MP: 5/5
   326 | D:1      | Learned a level 2 spell: Song of Slaying
   966 | D:1      | Reached skill level 3 in Polearms
   966 | D:1      | Reached XP level 3. HP: 16/29 MP: 1/7
  1491 | D:2      | Noticed Natasha
  1594 | D:2      | Killed Natasha
  1598 | D:2      | Reached XP level 4. HP: 36/36 MP: 6/9
  1678 | D:2      | Noticed Natasha
  1683 | D:2      | Killed Natasha
  1816 | D:2      | Noticed Natasha
  1824 | D:2      | Killed Natasha
  2402 | D:3      | Reached skill level 4 in Spellcasting
  3204 | D:3      | Reached XP level 5. HP: 41/41 MP: 6/11
  3557 | D:4      | Found a staircase to the Ecumenical Temple.
  3567 | Temple   | Entered the Ecumenical Temple
  3609 | Temple   | Became a worshipper of Vehumet
  3678 | D:4      | Found a stormy altar of Qazlal.
  3908 | D:4      | Found a glowing drain.
  3912 | Sewer    | Entered a sewer
  4266 | Sewer    | Reached skill level 5 in Spellcasting
  4266 | Sewer    | Reached XP level 6. HP: 31/48 MP: 8/14
  4943 | Sewer    | Acquired Vehumet's first power
  4943 | Sewer    | Offered knowledge of Flame Tongue by Vehumet.
  4987 | Sewer    | Learned a level 1 spell: Flame Tongue
  5573 | D:4      | Reached skill level 1 in Conjurations
  5573 | D:4      | Reached skill level 1 in Fire Magic
  5664 | D:4      | Noticed ololoev's ghost (average DrSk)
  5973 | D:5      | Entered Level 5 of the Dungeon
  6115 | D:5      | Found a burning altar of Makhleb.
  6253 | D:5      | Reached skill level 7 in Spellcasting
  6253 | D:5      | Your scales start taking on a rich purple colour.
  6253 | D:5      | Reached XP level 7. HP: 43/55 MP: 15/17
  6259 | D:5      | Quit the game

Dungeon Overview and Level Annotations

Branches:
Dungeon (5/15)             Temple (1/1) D:4

Altars:
Ashenzari
Cheibriados
Dithmenos
Elyvilon
Fedhas
Gozag
Kikubaaqudgha
Makhleb
Nemelex Xobeh
Okawaru
Qazlal
Ru
Sif Muna
Trog
Vehumet
Xom
Yredelemnul
Zin
The Shining One

Annotations:
D:4 ololoev's ghost, average DrSk


Message History

Your hands tingle!
a - a +3 short sword of speed (weapon)
Drink which item? (? for menu, Esc to quit)
You feel better.
Casting: Infusion
Confirm with . or Enter, or press ? or * to list all spells.
You begin infusing your attacks with magical energy.
Okay, then.
Drink which item? (? for menu, Esc to quit)
You feel better.
A centaur is nearby!
The centaur shoots an arrow.
The arrow closely misses you.
You see here a shortbow.
Unknown command.
You puncture the centaur!
You kill the centaur!
Vehumet accepts your kill.
Your Fire Magic skill increases to level 2!
You have reached level 7!
Your Spellcasting skill gained 2 levels and is now at level 7!
Your Charms skill increases to level 3!
Your scales start taking on a rich purple colour.
The centaur shoots an arrow of frost.
The arrow of frost hits you! The arrow of frost freezes you.
The centaur unwields an uncursed shortbow.
The centaur barely misses you.
Things that are here:
a shortbow; 14 arrows; a centaur corpse You barely miss the centaur.
The centaur is almost dead.
The centaur misses you.
You closely miss the centaur.
The centaur is almost dead.
You barely miss the centaur.
Your tail-slap misses the centaur.
The centaur is almost dead.
The centaur hits you.
You hit the centaur.
You kill the centaur!
Vehumet accepts your kill.
Are you sure you want to abandon this character and quit the game? (Confirm with "yes".)

There were no monsters in sight!

Vanquished Creatures
  A big kobold (Sewer)
  2 centaurs (D:5)
  A scorpion (D:4)
  A giant frog skeleton (D:4)
  A centaur skeleton (D:5)
  A worker ant (D:5)
  Natasha (thrice) (D:2)
  A worker ant zombie (D:5)
  7 adders
  3 river rats (D:4)
  An ooze (Sewer)
  2 adder skeletons (D:4)
  3 worms
  4 giant geckos
  10 orcs
  5 ball pythons
  12 hobgoblins
  8 jackals
  9 bats
  3 giant cockroaches
  A giant cockroach zombie (D:4)
  A giant gecko skeleton (D:4)
  7 giant newts
  3 goblins
  22 kobolds
  8 rats
120 creatures vanquished.

Action                   |  1- 3 |  4- 6 |  7- 9 || total
-------------------------+-------+-------+-------++-------
Melee: Spear             |   104 |       |       ||   104
       Dagger            |    20 |   184 |       ||   204
       Short sword       |       |    87 |     4 ||    91
 Fire: Blowgun           |       |    15 |       ||    15
 Cast: Infusion          |     2 |    18 |       ||    20
       Song of Slaying   |     1 |     7 |       ||     8
Evoke: Wand              |       |     7 |       ||     7
  Use: Scroll            |       |    11 |       ||    11
       Potion            |       |     4 |       ||     4
 Stab: Sleeping          |     4 |     2 |       ||     6
       Distracted        |     1 |       |       ||     1
  Eat: Bread ration      |     1 |       |       ||     1
       Chunk             |       |    10 |       ||    10
       Fruit             |       |     2 |       ||     2
       Beef jerky        |       |     1 |       ||     1

Vault maps used:
D:1:      dpeg_cavernosity
D:2:      uniq_natasha
D:3:      first_bread
D:4:      kennysheep_mini, temple_fountains, gup_sewer_entry_spiral
D:5:      basic_altar, fountainhead, kennysheep_another_room,
          minmay_misc_feat_cross, fountainhead, kennysheep_nub,
          nicolae_gozag_cash_rules_everything_around_me
Temple:   kilobyte_greek_temple_18
Sewer:    kennysheep_pipe_town
